Unix NetHack Version 5.0.0-0 post-release - last build May 23 2026 06:08:33 (1c0ff79ee797540d5714e4e18072db0edd9e58ae,branch:main).

Game began 2026-05-28 04:57:37, ended 2026-05-28 19:20:06.

CyberFan, lawful female human Priestess

          ------                                        -.---
          |.....####-----       ------------            |..{|
          |....|   #|...|       |...*......-#          #...[|
          |....| ###....|  #####-.%..>.....|#          #|...-#####
          |....| # #|...|#######------------#          #-----    #
          |....|####....-###                #          ###       ###
          --|--- # #|...| 0                 #            #         #  -----
            #      #|....                   #            #         ###|..+|
            #      #--.--                  ##            #           #-.*.|
        #####      #####                  ##             #            |.??|
       -J-             #                 ##              #            -----
      ...j.                              #---------------#
    |$.......                            #-.............|#
    |?.........                           |....%........-#
    ------------                          |.............|
                                          |..<......c...|
                                          |.............|
                                          -------+-------

CyberFan the Jabberwock      St:25 Dx:12 Co:17 In:10 Wi:18 Ch:11  Lawful
Dlvl:11 $:1153 HP:0(69) Pw:99(99) AC:-7 HD:15 T:11626  Fly

Latest messages:
 The tiger misses!
 The tiger hits!
 The tiger bites!
 You bite the tiger.
 You bite the tiger.
 You kill the tiger!
 You see here an uncursed tiger corpse.
 You see here an uncursed tiger corpse.
 You see here an uncursed lizard corpse.
 You are beginning to feel hungry.
 You see here an uncursed lizard corpse.
 You see here an uncursed tiger corpse.
 You see here an uncursed tiger corpse.
 There is an uncursed tiger corpse here; eat it? [ynq] (n)
 This tiger corpse tastes delicious!
 You finish eating the tiger corpse.
 You see here an uncursed lizard corpse.
 You hear the chime of a cash register.
 You fly down the stairs.
 You fly up the stairs.
 You see here an uncursed lizard corpse.
 The quasit hits!
 The quasit hits again!
 The quasit misses!
 The quasit misses!
 The quasit hits!
 The quasit misses!
 You bite the quasit.
 You bite the quasit.
 Your silver Demonbane sears the quasit's flesh!
 You kill the quasit!
 You find a hidden door.
 With great effort you move the boulder.
 You find a hidden passage.
 In what direction?
 This door is locked.
 Unlock it with your lock pick? [ynq] (q)
 You succeed in picking the lock.
 In what direction?
 The door opens.
 I - an uncursed scroll labeled DAIYEN FOOELS.
 $ - 166 gold pieces (1153 in total).
 In what direction?
 The door opens.
 You bite the spotted jelly.
 You are splashed by the spotted jelly's acid!
 You bite the spotted jelly.
 You are splashed by the spotted jelly's acid!
 You hit the spotted jelly!
 You are splashed by the spotted jelly's acid!

Inventory:
 Coins    ('$')
  $ - 1153 gold pieces
 Amulets  ('"')
  j - an uncursed amulet of unchanging (being worn)
  u - an uncursed amulet versus poison
 Weapons  (')')
  B - the uncursed +1 Demonbane (weapon in right foreclaw)
 Armor    ('[')
  Y - an uncursed +0 dwarvish iron helm (being worn)
  D - an uncursed +0 pair of gauntlets of power (being worn)
  n - an uncursed +0 pair of kicking boots (being worn)
  c - an uncursed +0 small shield (being worn)
  b - an uncursed burnt +0 robe
  x - an uncursed +0 Hawaiian shirt with an orchid motif
  P - an uncursed +0 dwarvish mithril-coat
 Comestibles  ('%')
  A - 5 uncursed food rations
  d - an uncursed lembas wafer
  f - an uncursed sprig of wolfsbane
  X - an uncursed lizard corpse
 Scrolls  ('?')
  F - a blessed scroll of blank paper
  V - 4 uncursed scrolls of blank paper
  w - a blessed scroll of confuse monster
  p - an uncursed scroll of confuse monster
  i - a cursed scroll of confuse monster
  v - 2 uncursed scrolls of earth
  L - 2 uncursed scrolls of enchant weapon
  t - an uncursed scroll of genocide
  Z - a blessed scroll of identify
  U - an uncursed scroll of light
  I - an uncursed scroll of punishment
  q - an uncursed scroll of stinking cloud
 Potions  ('!')
  C - an uncursed potion of booze
  J - an uncursed potion of healing
  T - a blessed potion of object detection
  h - an uncursed potion of object detection
  y - an uncursed potion of sleeping
  r - 3 potions of holy water
 Rings    ('=')
  g - an uncursed ring of cold resistance
  s - an uncursed ring of free action (on left foreclaw)
  m - an uncursed ring of polymorph
  G - an uncursed ring of polymorph control
  e - an uncursed ring of stealth (on right foreclaw)
 Wands    ('/')
  k - an uncursed wand of cancellation (0:6)
  S - an uncursed wand of create monster (0:9)
  H - an uncursed wand of lightning (0:3)
  E - an uncursed wand of opening (0:4)
  N - an uncursed wand of slow monster (0:6)
  z - an uncursed wand of speed monster (0:3)
 Tools    ('(')
  o - an uncursed lock pick
  l - an uncursed towel
 Gems/Stones  ('*')
  a - an uncursed agate stone
  W - an uncursed amethyst stone
  K - an uncursed garnet stone
  R - a blessed luckstone

CyberFan the Priestess's attributes:

Background:
 You were in female jabberwock form.
 You were actually an Adept, a level 9 human Priestess.
 You were lawful, on a mission for Shan Lai Ching
 who was opposed by Chih Sung-tzu (neutral) and Huan Ti (chaotic).
 You were normally right-handed.
 You were in the Dungeons of Doom, on level 11.
 You entered the dungeon 11626 turns ago.

Basics:
 You had 0 out of 69 hit points.
 You had all 99 energy points (spell power).
 You had 15 hit dice.
 Your armor class was -7.
 Your wallet contained 1153 zorkmids.
 Autopickup was on for '$%?!"=/*' plus thrown, with exceptions.

Final Characteristics:
 Your strength was 25.
 Your dexterity was 12.
 Your constitution was 17.
 Your intelligence was 10.
 Your wisdom was 18.
 Your charisma was 11.

Final Status:
 You were transformed.
 You were flying.
 You weren't hungry.
 You were unencumbered.
 You were wielding a mace.
 You had expert skill with mace.

Final Attributes:
 You were piously aligned.
 You were cold resistant.
 You were stealthy.
 You were polymorphed into a jabberwock.
 You couldn't change from your current form.
 You had free action.
 You were extremely lucky.
 You had extra luck.
 Good luck did not time out for you.
 You are dead.

Miscellaneous:
 You disabled loading and storing of bones levels.
 Total elapsed playing time was 1 hour, 37 minutes and 2 seconds.

Major events:
 Turn
    1: CyberFan the lawful human Priestess entered the dungeon
 1144: attained the rank of Acolyte (level 3)
 1477: entered the Gnomish Mines
 2994: reached Mine Town
 3036: attained the rank of Adept (level 6)
 6002: was bestowed with Demonbane by Shan Lai Ching
 7689: entered Sokoban
 8000: completed 1st Sokoban level
 8400: completed 2nd Sokoban level
11626: killed while stuck in creature form

Spells:
 Name                 Level Category     Fail Retention
 detect monsters        1   divination    94%   26%-50%
 cure blindness         2   healing       82%   26%-50%

Skills:
 Fighting Skills
   bare handed combat [Unskilled]
 Weapon Skills
   club               [Unskilled]
   mace               [Expert]
   morning star       [Unskilled]
   flail              [Unskilled]
   hammer             [Unskilled]
   quarterstaff       [Unskilled]
   polearms           [Unskilled]
   spear              [Unskilled]
   trident            [Unskilled]
   lance              [Unskilled]
   bow                [Unskilled]
   sling              [Unskilled]
   crossbow           [Unskilled]
   dart               [Unskilled]
   shuriken           [Unskilled]
   boomerang          [Unskilled]
   unicorn horn       [Unskilled]
 Spellcasting Skills
   healing spells     [Unskilled]
   divination spells  [Unskilled]
   clerical spells    [Basic]

Voluntary challenges:
 Character rerolling was not enabled.
 You never genocided any monsters.
 You used no wishes.
 You did not violate any of the special Sokoban rules.
Achievements:
 You attained the rank of Acolyte.
 You entered the Gnomish Mines.
 You entered a shop.
 You entered Minetown.
 You entered a temple.
 You attained the rank of Adept.
 You entered Sokoban.

 The Dungeons of Doom: levels 1 to 12
    Level 1:
       A fountain, a sink.
    Level 2:
       A fountain.
    Level 3:
    Level 4:
       An armor shop, a fountain.
       Stairs down to The Gnomish Mines.
    Level 5:
    Level 6:
       Some sinks.
    Level 7:
       Many fountains.
       Oracle of Delphi.
    Level 8:
       Stairs up to Sokoban, level 7.
    Level 9:
       A grave.
    Level 10:
    Level 11: <- You were here.
       A scroll shop, a fountain.
       Final resting place for
          you, killed while stuck in creature form.
    Level 12:
 The Gnomish Mines: levels 5 to 7
    Level 5:
    Level 6:
    Level 7:
       Many shops, a temple and an altar to Shan Lai Ching, some fountains.
 Sokoban: levels 7 up to 5
    Level 5:
       Unsolved.
    Level 6:
       Solved.
    Level 7:
       Solved.


Vanquished creatures:
  a large mimic
  a wumpus
  3 wargs
  a winter wolf
  a warhorse
  a xan
 an ogre leader
  a quantum mechanic
  2 trolls
  a large dog
  a freezing sphere
  a tiger
  a mountain centaur
 an elf mummy
  2 human mummies
  a red naga
  a carnivorous ape
  2 leather golems
  2 giant beetles
  3 cockatrices
  5 wolves
  a gremlin
 11 leprechauns
  2 orc-captains
  2 giant spiders
  2 scorpions
  a vampire bat
  2 gnome rulers
  2 owlbears
  a yeti
  a werewolf
  a Green-elf
  5 lizards
  2 dingoes
  a housecat
  a jaguar
  a gray unicorn
  2 dust vortices
  a plains centaur
  6 gnome mummies
  a snake
 an ape
  6 soldier ants
  5 fire ants
  a bugbear
  2 quasits
  2 wood nymphs
  a water nymph
 an orc shaman
  3 rock piercers
  2 rock moles
  a pony
  4 fog clouds
  4 yellow lights
  a shrieker
  a gnome leader
  3 gnomish wizards
  2 gray oozes
  a ghoul
  2 paper golems
  9 giant ants
  a little dog
  a floating eye
  a kitten
  6 dwarves
  4 homunculi
  a kobold leader
  a kobold shaman
  7 hill orcs
  a rabid rat
  2 giant bats
  2 orc zombies
  2 dwarf zombies
  a wererat
  4 iguanas
  2 acid blobs
  2 gas spores
  a hobbit
  6 manes
  a large kobold
  a hobgoblin
  5 giant rats
  4 yellow molds
  2 green molds
  a red mold
 15 gnomes
  5 garter snakes
  a gnome zombie
  5 geckos
 10 jackals
  3 foxes
  4 kobolds
  a goblin
  a sewer rat
 13 grid bugs
  2 bats
  9 lichens
 12 newts
271 creatures vanquished.

No species were genocided or became extinct.

Game over:
                       ----------
                      /          \
                     /    REST    \
                    /      IN      \
                   /     PEACE      \
                  /                  \
                  |     CyberFan     |
                  |     1153 Au      |
                  |   killed while   |
                  |     stuck in     |
                  |  creature form   |
                  |                  |
                  |       2026       |
                 *|     *  *  *      | *
        _________)/\\_//(\/(/\)/\//\/|_)_______

Goodbye CyberFan the Priestess...

You died in The Dungeons of Doom on dungeon level 11 with 21300 points,
and 1153 pieces of gold, after 11626 moves.
You were level 9 with a maximum of 84 hit points when you died.

